Match 41829728
Unlisted

Match 41829728
End
Construct Infanterie Kompanie
Pioneer Squad
MG 42 Machine Gun Team
Selects Terror Battlegroup
Selects Machine Gun Camouflage
MG 42 Machine Gun Team
Grenadier Squad
Construct Panzergrenadier Kompanie
Pak 40 Anti-tank Gun Team
Panzergrenadier Squad
Panzergrenadier Officer Quarters
Selects Contempt for the Weak
Medical Bunker
Support Elements
Selects No Quarter
Grenadier Squad
StuG III G Assault Gun
Nebelwerfer 42 Rocket Launcher Team
Grand.G
boi_of_war
0
0

Comments sign in to comment!

No comments posted yet!